Map: Ever Dream LE

Players

GOStephano (Stephano)

  • Race: Zerg Zerg
  • League: Grandmaster
  • Spawn Location: 7:00

PtitDrogo - Winner!

  • Race: Protoss Protoss
  • League: Grandmaster
  • Spawn Location: 1:00

Event: DreamHack SC2 Masters 2020 Fall

VOD

Have the link to the VOD?

Description

Time

  • Played on: Sept. 1, 2020, 12:06 p.m.
  • Length: 13:15

All games in this series

Show
View Real Time Build Order
Export as new Build Order

GOStephano Zerg 

Build Orders: Hatch First, Swarm Host 

Get SALT Encoding   

  12  0:00  Drone  
  13  0:12  Overlord  
  13  0:16  Drone  
  14  0:30  Drone x2  
  16  0:49  Hatchery  
  15  0:51  Drone  
  15  0:53  Drone  
  15  0:57  Drone  
  18  1:07  Extractor  
  17  1:13  Spawning Pool  
  17  1:15  Drone  
  17  1:18  Drone  
  18  1:28  Drone  
  19  1:38  Drone  
  20  1:49  Drone  
  21  2:00  Queen, Zergling x2  
  24  2:01  Queen  
  24  2:02  Drone  
  27  2:12  Drone  
  27  2:13  Overlord  
  28  2:20  Metabolic Boost  
  28  2:28  Hatchery  
  28  2:29  Drone  
  28  2:33  Drone  
  28  2:35  Zergling x2  
  30  2:41  Queen  
  32  2:47  Overlord  
  32  2:50  Drone  
  33  2:52  Zergling x2  
  33  2:54  Drone  
  35  3:02  Spore Crawler  
  35  3:04  Drone x2  
  36  3:11  Drone x4  
  40  3:18  Zergling x2  
  41  3:27  Drone x2  
  41  3:30  Queen, Extractor  
  42  3:35  Queen  
  42  3:40  Drone x3  
  46  3:44  Spore Crawler  
  46  3:45  Drone  
  46  3:47  Drone  
  48  3:49  Drone  
  48  3:50  Drone  
  48  3:53  Overlord  
  50  4:01  Overlord  
  50  4:07  Overlord  
  50  4:13  Zergling x14  
  57  4:17  Spore Crawler  
  57  4:20  Roach Warren  
  57  4:23  Drone x2  
  56  4:29  Zergling x6  
  59  4:35  Zergling x8  
  63  4:41  Spore Crawler  
  62  4:46  Drone x3  
  61  5:01  Roach x7  
  61  5:06  Zergling x8  
  68  5:16  Zergling x4  
  62  5:24  Roach x3  
  60  5:30  Drone  
  60  5:31  Drone  
  59  5:38  Drone  
  60  5:45  Drone x2  
  60  5:49  Drone  
  61  5:53  Drone  
  60  6:06  Drone x3  
  60  6:09  Drone  
  63  6:13  Drone, Spore Crawler  
  63  6:16  Drone  
  64  6:18  Drone  
  64  6:20  Drone  
  64  6:22  Drone  
  67  6:27  Extractor  
  67  6:28  Extractor  
  67  6:29  Extractor  
  67  6:31  Drone x3  
  67  6:35  Drone x2  
  67  6:37  Drone  
  70  6:41  Drone x3  
  74  6:47  Drone  
  74  6:50  Lair  
  74  6:53  Overlord  
  74  7:00  Overlord  
  74  7:06  Drone x3  
  74  7:13  Extractor, Overlord  
  74  7:14  Extractor  
  72  7:18  Drone  
  72  7:19  Drone x9  
  82  7:28  Overlord  
  82  7:35  Overlord  
  82  7:39  Overlord  
  82  7:46  Roach x3  
  82  7:47  Hatchery  
  82  7:49  Ravager x2  
  82  7:50  Ravager x3  
  92  7:55  Roach x2  
  96  7:58  Glial Reconstitution  
  96  8:04  Roach x2  
  100  8:09  Roach x2  
  104  8:15  Evolution Chamber  
  104  8:18  Roach x3  
  109  8:28  Roach x2  
  109  8:29  Overlord x2  
  112  8:34  Overlord  
  112  8:39  Overlord  
  111  8:44  Ravager x3  
  111  8:48  Roach x6  
  126  8:50  Ravager x4  
  130  8:58  Zerg Missile Weapons Level 1  
  130  8:59  Drone x3  
  130  9:01  Drone  
  130  9:02  Drone  
  135  9:11  Drone x4  
  135  9:12  Infestation Pit  
  135  9:13  Drone  
  139  9:17  Overlord  
  139  9:21  Drone x3  
  142  9:33  Hatchery  
  142  9:35  Overlord  
  141  9:39  Drone  
  141  9:41  Roach x3  
  130  10:03  Overlord  
  130  10:04  Swarm Host x6  
  130  10:06  Swarm Host  
  144  10:09  Spore Crawler  
  144  10:11  Roach x3  
  144  10:13  Ravager  
  144  10:14  Ravager  
  154  10:20  Overlord  
  154  10:22  Overlord  
  154  10:28  Swarm Host x2  
  154  10:31  Overlord x2  
  154  10:32  Overlord  
  160  10:45  Swarm Host, Unknown  
  160  10:46  Swarm Host x3  
  160  10:48  Drone x3  
  172  10:51  Drone  
  172  10:52  Swarm Host  
  176  11:03  Pneumatized Carapace  
  176  11:04  Overlord  
  176  11:06  Nydus Network  
  176  11:09  Roach x2  
  179  11:17  Roach x4  
  183  11:29  Roach x6  
  190  11:39  Roach x5  
  186  11:53  Roach x6  
  193  12:02  Ravager x7  
  200  12:12  Roach  
  179  12:32  Roach x6  
  179  12:36  Roach  
  167  12:44  Roach  
  167  12:48  Hatchery  
  165  12:52  Roach  
  165  12:54  Roach x2  
  121  13:11  Ravager  
Show
View Real Time Build Order
Export as new Build Order

PtitDrogo Protoss - Winner!

Build Orders: 1 Gate Expand, Archon Immortal, Mass Adepts 

Get SALT Encoding   

  12  0:00  Probe  
  13  0:13  Pylon  
  13  0:17  Probe (Chrono Boost)  
  15  0:29  Probe (Chrono Boost)  
  15  0:34  Probe (Chrono Boost)  
  16  0:40  Gateway  
  16  0:44  Probe  
  16  0:48  Assimilator  
  17  0:56  Probe  
  18  1:08  Probe  
  19  1:20  Probe  
  20  1:26  Nexus  
  20  1:35  Cybernetics Core  
  20  1:38  Probe  
  21  1:42  Assimilator  
  21  1:50  Probe  
  21  1:52  Pylon  
  22  2:02  Probe  
  23  2:08  Adept (Chrono Boost)  
  23  2:11  Warp Gate  
  23  2:14  Probe  
  26  2:23  Twilight Council  
  26  2:26  Probe (Chrono Boost)  
  26  2:28  Adept (Chrono Boost)  
  29  2:38  Probe (Chrono Boost)  
  31  2:44  Probe (Chrono Boost)  
  31  2:47  Probe (Chrono Boost)  
  31  2:50  Robotics Facility  
  33  2:51  Probe (Chrono Boost)  
  33  2:54  Probe  
  34  2:58  Stalker  
  34  3:05  Probe  
  37  3:06  Probe  
  37  3:10  Gateway  
  37  3:11  Resonating Glaives (Chrono Boost)  
  38  3:22  Probe x2  
  40  3:30  Gateway  
  40  3:38  Warp Prism (Chrono Boost), Gateway  
  36  3:43  Pylon  
  36  3:46  Probe  
  36  3:47  Probe  
  40  3:57  Pylon  
  40  3:59  Adept  
  40  4:00  Probe x2  
  44  4:04  Adept  
  44  4:07  Observer  
  47  4:13  Pylon  
  47  4:14  Probe x2  
  49  4:25  Adept x3  
  49  4:27  Probe x2  
  49  4:28  Assimilator  
  49  4:30  Pylon  
  57  4:32  Adept  
  59  4:41  Pylon  
  59  4:46  Adept x3  
  59  4:50  Assimilator  
  66  4:52  Probe  
  64  5:00  Probe  
  64  5:05  Adept  
  67  5:07  Adept x3  
  67  5:10  Probe  
  72  5:16  Immortal  
  76  5:21  Probe  
  73  5:33  Probe  
  66  5:39  Forge  
  66  5:41  Adept x3  
  70  5:54  Immortal (Chrono Boost)  
  70  5:55  Probe  
  69  5:58  Probe  
  68  6:08  Nexus  
  68  6:10  Pylon  
  68  6:12  Protoss Ground Weapons Level 1 (Chrono Boost)  
  68  6:13  Forge  
  68  6:21  Sentry x3  
  68  6:23  Probe  
  68  6:24  Immortal (Chrono Boost)  
  68  6:25  Probe  
  76  6:30  Adept  
  82  6:35  Probe  
  82  6:38  Gateway x2  
  82  6:39  Templar Archives  
  82  6:45  Gateway  
  82  6:51  Gateway  
  82  6:57  Probe x2  
  82  6:58  Zealot x3  
  86  7:08  Immortal (Chrono Boost)  
  86  7:13  Pylon  
  90  7:18  Probe  
  90  7:20  Probe x2  
  93  7:23  Zealot x2, High Templar x2  
  93  7:27  Archon  
  101  7:31  Probe  
  101  7:32  Probe  
  101  7:33  Probe  
  101  7:35  Pylon  
  104  7:39  Charge (Chrono Boost)  
  104  7:40  Immortal (Chrono Boost)  
  104  7:43  Probe  
  110  7:44  Probe  
  110  7:48  Shield Battery  
  110  7:49  Pylon  
  110  7:53  Probe  
  110  7:55  Assimilator, Pylon, Probe  
  110  7:58  Probe  
  113  8:01  Assimilator  
  113  8:02  Pylon  
  113  8:05  Probe  
  114  8:07  Probe  
  114  8:10  Probe  
  114  8:11  Zealot x2, High Templar x2  
  124  8:14  Archon  
  124  8:15  Zealot x2  
  128  8:20  Pylon  
  128  8:22  Pylon  
  128  8:27  Zealot x2  
  128  8:33  Protoss Ground Weapons Level 2 (Chrono Boost)  
  132  8:34  Warp Prism  
  132  8:39  High Templar x3, Psionic Storm, Pylon  
  134  8:59  Zealot x5  
  144  9:14  High Templar  
  146  9:18  High Templar  
  146  9:23  Nexus  
  146  9:24  Pylon  
  148  9:28  Photon Cannon  
  148  9:30  Photon Cannon  
  148  9:32  Immortal (Chrono Boost)  
  148  9:35  Pylon  
  152  9:43  Probe  
  152  9:44  Probe  
  154  9:45  Assimilator  
  154  9:49  Assimilator  
  154  9:51  Zealot x4, High Templar x2  
  154  9:52  Zealot x2  
  166  9:57  Archon  
  164  10:05  Probe x2  
  164  10:06  Immortal (Chrono Boost)  
  166  10:07  Probe  
  166  10:08  Photon Cannon  
  153  10:25  Probe  
  153  10:27  High Templar x4  
  153  10:28  Zealot x4  
  164  10:32  Archon x2  
  164  10:34  Warp Prism (Chrono Boost)  
  170  10:49  Zealot x3, High Templar  
  176  10:55  Gateway  
  176  10:56  Gateway  
  176  10:59  High Templar  
  176  11:00  High Templar x2  
  176  11:02  Immortal (Chrono Boost)  
  186  11:04  Archon  
  186  11:11  Zealot x4  
  180  11:27  Zealot  
  180  11:31  Zealot x4  
  180  11:32  Zealot x2  
  181  11:37  Zealot  
  177  11:54  Zealot x7  
  181  11:55  Immortal  
  179  12:13  High Templar  
  181  12:15  High Templar x3  
  181  12:16  High Templar x4  
  181  12:20  Archon x3  
  131  12:38  Zealot x2  
  139  12:47  Zealot  
  139  12:48  Zealot x7  
  155  12:51  Nexus  
  155  12:52  Pylon  
  147  13:06  Archon  

Tags
 
Add a new tag
Caveats
  • Supply blocks, unpowered buildings, or Contaminate may cause inaccurate times.
  • Supply counts are checked every 10 seconds.